 Dungeon Crawl Stone Soup version 0.25-a0-435-g4b9beb1024 (webtiles) character file.

Game seed: 6264575641842605138, levelgen mode: classic

49 EnegeticOcto the Skirmisher (level 3, 0/30 HPs)
             Began as a Mummy Chaos Knight on Jan 26, 2020.
             Was a Plaything of Xom.
             Slain by a goblin
             ... wielding a +0 club
             ... led by Robin
              (2 damage)
             ... on level 2 of the Dungeon.
             The game lasted 00:00:52 (900 turns).

EnegeticOcto the Skirmisher (Mummy Chaos Knight)     Turns: 900, Time: 00:00:52

Health: 0/30       AC:  5    Str: 15    XL:     3   Next: 53%
Magic:  3/3        EV: 11    Int: 12    God:    Xom [.....*]
Gold:   96         SH:  0    Dex: 11    Spells: 2/2 levels left

rFire    x . .     SeeInvis .   a - +0 short sword (chaos)
rCold    + . .     Gourm    .   (no shield)
rNeg     + + +     Faith    .   b - +2 leather armour
rPois    ∞         Spirit   .   (no helmet)
rElec    .         Reflect  .   (no cloak)
rCorr    .         Harm     .   (no gloves)
MR       .....                  (no boots)
Stlth    +.........             (no amulet)
HPRegen  0.10/turn              (no ring)
MPRegen  0.08/turn              (no ring)

@: no status effects
A: no food or potions, fire vulnerability, cold resistance 1, negative energy
resistance 3, torment resistance, unbreathing
a: Renounce Religion


You were on level 2 of the Dungeon.
You worshipped Xom.
You were Xom's teddy bear.
You were not hungry.

You visited 1 branch of the dungeon, and saw 2 of its levels.

You collected 96 gold pieces.

Inventory:

Hand Weapons
 a - a +0 short sword of chaos (weapon)
Armour
 b - a +2 leather armour (worn)
Jewellery
 d - a +4 amulet of reflection {unknown}
Scrolls
 c - a scroll of remove curse {unknown}


   Skills:
 + Level 3.8 Fighting
 + Level 3.2 Short Blades
 - Level 1.5 Armour
 - Level 0.7 Dodging


You had 2 spell levels left.
You didn't know any spells.
Your spell library was empty.

Dungeon Overview and Level Annotations

Branches:
Dungeon (2/15)

Altars:


Innate Abilities, Weirdness & Mutations

You do not eat or drink.
Your flesh is vulnerable to fire.
You are immune to poison.
Your flesh is cold resistant. (rC+)
You are immune to negative energy. (rN+++)
You are immune to unholy pain and torment.
You can survive without breathing.


Message History

The goblin hits you but does no damage.
Your quasit barely misses Robin.
Your quasit claws Robin but does no damage.
Your quasit claws Robin.
Robin roars a battlecry!
The goblins go into a battle-frenzy!
You closely miss the goblin.
The goblin is moderately wounded.
Your quasit barely misses Robin.
Your quasit claws Robin.
Your quasit closely misses Robin.
The goblin barely misses you.
You hit the goblin.
The goblin looks even sicker.
The goblin is heavily wounded.
The goblin no longer looks unusually strong.
The hobgoblin is no longer unusually agile.
Your quasit barely misses Robin.
Your quasit claws Robin.
Your quasit claws Robin but does no damage.
The goblin hits you with a +0 club.
You barely miss the goblin.
The goblin is severely wounded.
You kill the goblin!
Your quasit bites Robin but does no damage.
Your quasit completely misses Robin.
Your quasit barely misses Robin.
Your quasit bites Robin.
Your quasit claws Robin.
Robin dies!
You hit the hobgoblin but do no damage. The hobgoblin hits you with a +0 club.
Your quasit barely misses the goblin.
Your quasit claws the goblin. x2
You closely miss the hobgoblin. Your quasit misses the goblin.
Your quasit barely misses the goblin.
Your quasit claws the goblin.
The goblin dies!
The hobgoblin hits you but does no damage.
You closely miss the hobgoblin.
Your quasit barely misses the goblin. x2
Your quasit claws the goblin.
The hobgoblin completely misses you.
You closely miss the hobgoblin.
The goblin completely misses your quasit.
The hobgoblin hits you but does no damage.
The goblin closely misses your quasit.
You hit the hobgoblin.
The hobgoblin is lightly wounded.
Your quasit misses the hobgoblin.
Your quasit claws the hobgoblin but does no damage.
Your quasit claws the hobgoblin.
The goblin hits your quasit with a cursed +0 dagger.
The hobgoblin misses your quasit.
Your quasit bites the hobgoblin but does no damage.
Your quasit claws the hobgoblin but does no damage. x2
You hit the hobgoblin. You freeze the hobgoblin.
You kill the hobgoblin!
The goblin completely misses your quasit.
The goblin misses your quasit.
The hobgoblin closely misses your quasit.
Your quasit bites the goblin.
Your quasit claws the goblin. x2
The goblin hits your quasit.
Your quasit dies!
The goblin shouts!
The hobgoblin shouts!
You hit the goblin.
The goblin is moderately wounded.
You hit the goblin.
You kill the goblin!
The goblin no longer looks unusually strong.
You barely miss the goblin.
The goblin hits you with a cursed +0 dagger.
* * * LOW HITPOINT WARNING * * *
You closely miss the goblin. The goblin hits you but does no damage.
You hit the goblin.
You kill the goblin!
You closely miss the goblin.
The goblin is almost dead.
The goblin barely misses you.
You hit the goblin.
You kill the goblin!
The hobgoblin no longer looks unusually strong.
You barely miss the hobgoblin.
The hobgoblin is severely wounded.
The hobgoblin hits you with a +0 club.
* * * LOW HITPOINT WARNING * * *
You hit the hobgoblin.
You kill the hobgoblin!
The goblin unwields a +0 dagger.
The goblin wields a +0 hunting sling.
The goblin shoots a stone.
The stone hits you.
* * * LOW HITPOINT WARNING * * *
You hit the hobgoblin but do no damage. The hobgoblin barely misses you.
You barely miss the hobgoblin.
The hobgoblin no longer looks unusually strong.
The hobgoblin hits you with a cursed -3 club.
* * * LOW HITPOINT WARNING * * *
You barely miss the hobgoblin. You completely miss the hobgoblin.
The hobgoblin closely misses you.
You hit the hobgoblin but do no damage.
The hobgoblin flickers and vanishes!
Deactivating autopickup; reactivate with Ctrl-A.
Something barely misses you.
You hit something. You burn something.
The goblin shoots a stone.
Something hits you but does no damage.
You completely miss something.
The goblin shoots a stone.
Something completely misses you.
You hit something.
Reactivating autopickup.
You feel a bit more experienced.
The goblin shoots a stone.
The stone hits you but does no damage.
You closely miss the goblin. The goblin hits you with a +0 club.
You die... "What!?
That's it?"

.#....#.##.# ......#.##.#
#####
....###.##.###########....
## .......................g.
..> .##.###..............#.#
g.. ..#.###.##.#######.)##.#
g.# ..#.....##+###
#.....#...#
..####.........###.........#
#..............+@gg).)...#.#
...###.........###.###.###
##.# ###....... ........$
....####.#.###...# ...!#
...<.. ....# .....#.# ##.
..#.# ....#. .#....# # ##


You could see 2 goblins.

Vanquished Creatures
  2 dart slugs (D:1)
  2 giant cockroaches (D:1)
  13 goblins
  4 hobgoblins
  A quokka (D:2)
  3 bats
  2 frilled lizards (D:1)
  5 kobolds
  4 rats
36 creatures vanquished.

Vanquished Creatures (collateral kills)
  Robin (D:2)
  A goblin (D:2)
2 creatures vanquished.

Vanquished Creatures (others)
  A bat (D:1)
1 creature vanquished.

Grand Total: 39 creatures vanquished

Notes
Turn   | Place    | Note
-------+----------+-------------------------------------------
     0 | D:1      | EnegeticOcto the Mummy Chaos Knight began the quest for the
                  | Orb.
     0 | D:1      | Reached XP level 1. HP: 18/18 MP: 1/1
     5 | D:1      | XOM: divination: detect items
   148 | D:1      | XOM: cloud trail
   220 | D:1      | XOM: harmless Erth miscast
   283 | D:1      | XOM: butterfly on damage
   284 | D:1      | Reached XP level 2. HP: 16/24 MP: 2/2
   398 | D:1      | XOM: cloud trail
   436 | D:1      | XOM: divination: detect creatures
   477 | D:1      | XOM: divination: magic mapping
   491 | D:1      | XOM: destruction
   652 | D:1      | You fall into a shaft and drop 1 floor!
   654 | D:2      | XOM: god gift: 34 gold pieces
   787 | D:2      | Reached XP level 3. HP: 29/29 MP: 3/3
   854 | D:2      | Noticed Robin
   863 | D:2      | XOM: summons friendly quasit
   876 | D:2      | Killed Robin
   900 | D:2      | Slain by a goblin

Levels and vault maps discovered:
D:1:      giann_wishing_wells, layout_rooms, hangedman_feature_mirror,
          minivault_24, serial_bayou_crossing
D:2:      layout_basic, chequers_jeans, uniq_robin, uniq_terence

Skill      XL: |  1  2 |
---------------+-------+-----
Short Blades   | 3 |  3.2
Fighting       | |  3.8
Armour         | |  1.5
Dodging        | |  0.7

Action                   || total
-------------------------++-------
Melee: Short sword       ||   123
 Stab: Petrifying        ||     1
Armor: Leather armour    ||    53
Dodge: Dodged            ||    78

Table legend:
 A = Non-vault XP
 B = Vault XP
 C = Vault XP percentage of total XP
 D = Non-vault monster count
 E = Vault monster count
 F = Vault count percentage of total count
                 A         B        C        D         E       F
            +---------+---------+-------+---------+---------+-------
      Total |      40 |      31 |  43.7 |      23 |      15 |  39.5
            +---------+---------+-------+---------+---------+-------
        D:1 |      32 |       8 |  20.0 |      18 |       5 |  21.7
        D:2 |       8 |      23 |  74.2 |       5 |      10 |  66.7
            +---------+---------+-------+---------+---------+-------
